 Dungeon Crawl Stone Soup version 0.22.1-2-g9c5b331383 (webtiles) character file.

1222 Marnok the Covered (level 8, -16/70 HPs)
             Began as a Minotaur Fighter on Dec 7, 2018.
             Was a Follower of Qazlal.
             Demolished by a two-headed ogre
             ... wielding a +0 giant club
              (30 damage)
             ... on level 9 of the Dungeon.
             The game lasted 00:20:45 (3478 turns).

Marnok the Covered (Minotaur Fighter)               Turns: 3478, Time: 00:20:45

Health: -16/70     AC:  7    Str: 22    XL:     8   Next: 23%
Magic:  0/7        EV: 14    Int:  5    God:    Qazlal [*.....]
Gold:   335        SH: 13    Dex: 16    Spells: 7/7 levels left

rFire    . . .     SeeInvis .   e - +5 short sword (speed)
rCold    . . .     Gourm    .   c - +0 shield
rNeg     . . .     Faith    .   b - +0 scale mail
rPois    .         Spirit   +   (helmet restricted)
rElec    .         Reflect  .   (no cloak)
rCorr    .         Harm     .   (no gloves)
MR       .....                  (no boots)
Stlth    +.........             v - amulet of guardian spirit
HPRegen  0.21/turn              (no ring)
MPRegen  0.10/turn              (no ring)

@: agile, about to teleport, drained
A: retaliatory headbutt, horns 2
a: Renounce Religion


You were on level 9 of the Dungeon.
You worshipped Qazlal.
Qazlal was aware of your devotion.
You were not hungry.

You visited 1 branch of the dungeon, and saw 9 of its levels.

You collected 335 gold pieces.

Inventory:

Hand Weapons
 a - a +0 war axe
 d - a +0 scythe
 e - a +5 short sword of speed (weapon)
 j - a cursed -1 flail
 k - a +0 morningstar of venom
 t - a +0 falchion of flaming
 x - the +6 hunting sling "Lifebane" {speed, rN+, unknown}
   (You found it on level 4 of the Dungeon)

   Attacks with this weapon are significantly faster.
   It protects you from negative energy.
Missiles
 p - a throwing net (quivered)
Armour
 b - a +0 scale mail (worn)
 c - a +0 shield (worn)
 h - a +0 robe
 y - the +1 robe of Gluttony {+Inv}
   (You found it on level 6 of the Dungeon)

   It lets you turn invisible.
Jewellery
 v - an amulet of guardian spirit (around neck)
Wands
 o - a wand of acid (12)
 u - a wand of disintegration (15)
Scrolls
 g - a scroll of amnesia
 i - a scroll of teleportation
 l - 2 scrolls of enchant weapon
 m - 3 scrolls of remove curse
 n - a scroll of enchant armour {unknown}
 s - a scroll of immolation
 A - a scroll of identify
Potions
 q - a potion of might
 z - a potion of brilliance
Comestibles
 f - 8 rations
 B - a chunk of flesh


   Skills:
 + Level 6.0(5.2) Fighting
 + Level 5.2(4.5) Short Blades
 + Level 3.0(2.3) Axes
 + Level 6.7(6.0) Armour
 + Level 3.1(2.5) Dodging
 + Level 0.7(0.1) Stealth
 + Level 6.4(5.6) Shields


You had 7 spell levels left.
You didn't know any spells.
Your spell library contained the following spells:

 Spells                   Type           Power        Failure   Level  Hunger
 Magic Dart               Conj           #...         99%         1    ##.....
 Blink                    Tloc           N/A          100%        2    ###....
 Call Imp                 Summ           #.......     100%        2    ###....
 Slow                     Hex            #.......     100%        2    ###....
 Conjure Flame            Conj/Fire      #.......     100%        3    ####...
 Mephitic Cloud           Conj/Pois/Air  #.......     100%        3    ####...


Dungeon Overview and Level Annotations

Branches:
Dungeon (9/15)
 Temple: D:4-7         Lair: D:8-11         Orc: D:9-12

Altars:
Hepliaklqana
Okawaru
Qazlal


Innate Abilities, Weirdness & Mutations

You reflexively headbutt those who attack you in melee.
You have a pair of horns on your head.


Message History

* * * LOW HITPOINT WARNING * * *
The deep elf mage gestures wildly while chanting.
The orc sorcerer hits you with a dagger.
* * * LOW HITPOINT WARNING * * *
The bullfrog hits you but does no damage.
You feel better.
A crocodile comes into view.
The bullfrog closely misses you.
You block the two-headed ogre's attack. x2
The deep elf mage gestures wildly while chanting.
The deep elf mage blinks!
The orc sorcerer hits you but does no damage.
You feel agile all of a sudden. You block the bullfrog's attack.
The deep elf mage casts a spell.
The orc sorcerer howls an incantation.
You feel disoriented. The orc sorcerer completely misses you.
The bullfrog hits you.
* * * LOW HITPOINT WARNING * * *
The two-headed ogre hits you with a giant club!!
You die...

. . .# ## #.##.)#
# #.#.#Zc #.
#t#.#.## #
#.##.E##F#.#.#.##.
#[.Yoo@#.#.#.#..
##..E##O#.#.#.#
#.. ##c#.#.# #.
#..#5#.# .e
#[.##H# #.
#####.####### .
#........#..
#.##......#.#
#.##....#.#


You could see a two-headed ogre, 2 earth elementals, a hippogriff, a deep elf
mage, a yak, 2 orc sorcerers, a crocodile, a bullfrog, a centaur and a crimson
imp.

Vanquished Creatures
  A troll (D:9)
  Sigmund (D:2)
  A yak (D:9)
  An orc warrior (D:8)
  An ogre (D:2)
  A centaur (D:5)
  A scorpion (D:5)
  2 crimson imps
  A jelly (D:5)
  A hound (D:8)
  An orc priest (D:4)
  Jessica (D:2)
  A centaur skeleton (D:4)
  2 worker ants
  A hound skeleton (D:4)
  A howler monkey zombie (D:5)
  4 adders
  An ooze (D:2)
  An adder zombie (D:5)
  3 dart slugs
  A leopard gecko (D:1)
  6 orcs
  4 giant cockroaches
  5 goblins
  5 hobgoblins
  4 jackals (D:3)
  2 quokkas (D:5)
  A ball python (D:3)
  8 bats
  5 frilled lizards
  A jackal skeleton (D:4)
  3 kobolds
  A leopard gecko skeleton (D:9)
  A quokka skeleton (D:4)
  7 rats
81 creatures vanquished.

Notes
Turn   | Place    | Note
-------+----------+-------------------------------------------
     0 | D:1      | Marnok the Minotaur Fighter began the quest for the Orb.
     0 | D:1      | Reached XP level 1. HP: 19/19 MP: 0/0
   184 | D:1      | Reached XP level 2. HP: 25/27 MP: 1/1
   251 | D:2      | Noticed Sigmund
   266 | D:2      | Killed Sigmund
   266 | D:2      | Reached skill level 5 in Armour
   266 | D:2      | Reached XP level 3. HP: 27/35 MP: 2/2
   266 | D:2      | Reached XP level 4. HP: 31/41 MP: 3/3
   266 | D:2      | Reached XP level 5. HP: 36/47 MP: 4/4
   340 | D:3      | Found an iron altar of Okawaru.
   789 | D:2      | Noticed an ogre
   795 | D:2      | Killed an ogre
   795 | D:2      | Reached skill level 5 in Fighting
   795 | D:2      | Reached skill level 1 in Short Blades
   795 | D:2      | Reached skill level 5 in Shields
   911 | D:2      | Reached skill level 1 in Dodging
   911 | D:2      | Reached XP level 6. HP: 55/56 MP: 5/5
   918 | D:2      | Found a stormy altar of Qazlal.
   921 | D:2      | Became a worshipper of Qazlal Stormbringer
   924 | D:2      | Noticed Jessica
   933 | D:2      | Killed Jessica
  1255 | D:3      | Found a hazy altar of Hepliaklqana.
  1637 | D:3      | Reached * piety under Qazlal
  2054 | D:5      | Entered Level 5 of the Dungeon
  2142 | D:4      | Got a crystal hunting sling
  2373 | D:6      | Got a heavily jewelled robe
  2390 | D:5      | Identified the +1 robe of Gluttony {+Inv} (You found it on
                  | level 6 of the Dungeon)
  2598 | D:5      | Reached XP level 7. HP: 46/61 MP: 6/6
  3252 | D:9      | Noticed a yak
  3264 | D:9      | Killed a yak
  3280 | D:9      | Noticed a troll
  3293 | D:9      | Killed a troll
  3293 | D:9      | Reached skill level 5 in Short Blades
  3293 | D:9      | Reached XP level 8. HP: 35/70 MP: 1/7
  3465 | D:9      | Noticed a hippogriff
  3470 | D:9      | Noticed an orc sorcerer
  3471 | D:9      | Noticed a deep elf mage
  3472 | D:9      | Noticed an orc sorcerer
  3474 | D:9      | Noticed a two-headed ogre
  3478 | D:9      | Demolished by a two-headed ogre

Skill      XL: |  1  2  3  4  5  6  7  8 |
---------------+-------------------------+-----
Armour         | 5 6 |  6.7
Fighting       | 4 5 6 |  6.0
Shields        | 4 5 6 |  6.4
Short Blades   | 1 3 5 |  5.2
Axes           | 3 |  3.0
Dodging        | 1 2 3 |  3.1
Stealth        | |  0.7

Action                   |  1- 3 |  4- 6 |  7- 9 || total
-------------------------+-------+-------+-------++-------
Melee: Short sword       |    20 |   155 |    62 ||   237
       War axe           |     6 |       |       ||     6
       Headbutt          |     3 |    27 |    23 ||    53
  Use: Potion            |     2 |       |     6 ||     8
       Scroll            |       |    11 |     1 ||    12
  Eat: Chunk             |       |     3 |       ||     3
       Ration            |       |     1 |     1 ||     2
Armor: Scale mail        |    12 |    33 |    18 ||    63
Dodge: Dodged            |     6 |    34 |    19 ||    59
Block: Shield            |    14 |    58 |    40 ||   112
